 Dungeon Crawl Stone Soup version 0.18-a0-33-g9e10395 (webtiles) character file.

109 Hanyuu the Insei (level 4, -4/29 HPs)
             Began as an Octopode Transmuter on Nov 5, 2015.
             Slain by an orc
             ... wielding a +0 short sword
              (6 damage)
             ... on level 3 of the Dungeon.
             The game lasted 00:04:23 (2599 turns).

Hanyuu the Insei (Octopode Transmuter)              Turns: 2599, Time: 00:04:24

Health: -4/29      AC:  2    Str:  9    XL:     4   Next: 89%
Magic:  2/7        EV: 20    Int: 16    God:
Gold:   106        SH:  0    Dex: 17    Spells: 3 memorised, 1 level left

rFire  . . .     SeeInvis .       - Unarmed
rCold  . . .     Clarity  .     (shield currently unavailable)
rNeg   . . .     SustAt   .     (helmet currently unavailable)
rPois  x         Gourm    .     (no amulet)
rElec  .         Spirit   .     (no ring)
rCorr  .         Warding  .     (no ring)
rMut   .         Stasis   .     (no ring)
MR     .....                    (no ring)
Stlth  ++........               (no ring)
                                (no ring)
                                (no ring)
                                (no ring)

@: spider-form (expiring), very slightly contaminated, not resistant to hostile
enchantments, unstealthy
A: almost no armour, amphibious, 8 rings, (constrict 8), (camouflage 0),
(gelatinous body 0)
a: End Transformation


You were on level 3 of the Dungeon.
You were not hungry.
You were a venomous arachnid creature.
You visited 1 branch of the dungeon, and saw 3 of its levels.

You collected 106 gold pieces.

Inventory:

Missiles
 a - 22 arrows
Jewellery
 o - an uncursed ring of fire
Scrolls
 e - 2 scrolls of remove curse {unknown}
 i - a scroll of recharging {unknown}
 l - 2 scrolls of identify {unknown}
 m - a scroll of noise {unknown}
Potions
 d - a potion of lignification {unknown}
 h - a potion of curing {unknown}
 j - a potion of cure mutation {unknown}
 k - a potion of invisibility {unknown}
 n - a potion of ambrosia {unknown}
Books
 b - a book of Changes

   Spells                             Type                      Level
   a - Beastly Appendage              Transmutation                1
   b - Sticks to Snakes               Transmutation                2
   c - Spider Form                    Transmutation/Poison         3
   d - Ice Form                       Ice/Transmutation            4
   e - Blade Hands                    Transmutation                5
Comestibles
 c - 4 bread rations
 f - 2 chunks of flesh
 g - 3 meat rations


   Skills:
 - Level 2.0 Fighting
 + Level 2.4 Dodging
 + Level 4.4 Unarmed Combat
 - Level 2.0 Spellcasting
 + Level 2.3 Transmutations
 - Level 1.2 Poison Magic


You had one spell level left.
You knew the following spells:

 Your Spells              Type           Power        Failure   Level  Hunger
a - Beastly Appendage     Trmt           #.....       24%         1    #......
b - Sticks to Snakes      Trmt           #.........   32%         2    ###....
c - Spider Form           Trmt/Pois      #.........   56%         3    ###....


Dungeon Overview and Level Annotations

Branches:
Dungeon (3/15)

Altars:


Innate Abilities, Weirdness & Mutations

You cannot wear most types of armour.
You are amphibious.
You can wear up to eight rings at the same time.
((You can use your tentacles to constrict eight enemies at once.))
((Your skin changes colour to match your surroundings (Stealth).))
((Your rubbery body absorbs attacks (AC +1).))


Message History

The orc wizard gestures at you while chanting.
The magic dart hits you! The orc misses you.
You hit the orc wizard but do no damage.
The orc wizard is poisoned.
The orc wizard is heavily wounded.
The orc wizard gestures at you while chanting.
The magic dart hits you!
* * * LOW HITPOINT WARNING * * *
The orc hits you with a short sword.
* * * LOW HITPOINT WARNING * * *
You hit the orc wizard.
The orc wizard looks even sicker.
The orc wizard is severely wounded.
The orc wizard closely misses you.
You hit the orc but do no damage.
The orc is poisoned.
You kill the orc wizard!
The orc misses you.
You hit the orc but do no damage.
The orc is heavily wounded.
The orc hits you with a short sword.
You die...

..... . ###.....
.. ........ ...
........ ....
###....... ..
.... .........
... #.
...#..##).......
.... ...
.....oos..#+####
....##.#
########.......#
....##.#
#.......#
....##.#
####....†..##..
........
................
....##.####
#####..#'#####.#
..........#
####............
####.#.##.#
#...............
.....#.##.#
#........#####.#


You could see 2 orcs.

Vanquished Creatures
  An orc wizard (D:3)
  2 adders (D:2)
  2 worms
  3 giant geckos
  6 orcs
  A giant cockroach (D:2)
  7 goblins
  3 hobgoblins
  3 jackals (D:1)
  7 kobolds
  A quokka (D:2)
  8 bats
  4 giant newts
  8 rats
56 creatures vanquished.

Notes
Turn   | Place    | Note
--------------------------------------------------------------
     0 | D:1      | Hanyuu the Octopode Transmuter began the quest for the Orb.
     0 | D:1      | Reached XP level 1. HP: 13/13 MP: 3/3
   415 | D:1      | Reached XP level 2. HP: 18/18 MP: 5/5
  1078 | D:1      | Reached skill level 4 in Unarmed Combat
  1224 | D:1      | Reached XP level 3. HP: 10/23 MP: 6/6
  1400 | D:1      | Learned a level 2 spell: Sticks to Snakes
  1404 | D:1      | Learned a level 3 spell: Spider Form
  2109 | D:2      | Reached XP level 4. HP: 25/29 MP: 7/7
  2261 | D:3      | Reached skill level 1 in Poison Magic
  2596 | D:3      | HP: 1/29 [orc/short sword (6)]
  2599 | D:3      | Slain by an orc

Vault maps used:
D:1:      dpeg_arrival_concentric_ovals, minivault_27, minmay_liquid_box
D:2:      first_bread, minmay_stone_trees_small, corexii_shack
D:3:      minmay_misc_feat_enclosed

Action                   |  1- 3 |  4- 6 || total
-------------------------+-------+-------++-------
Melee: Unarmed           |   100 |    33 ||   133
 Cast: Beastly Appendage |     6 |     3 ||     9
       Spider Form       |       |     1 ||     1
 Stab: Sleeping          |    11 |     2 ||    13
  Eat: Chunk             |     2 |     2 ||     4
       Beef jerky        |       |     1 ||     1
